Map: [ESL] Oceanborn

Players

Cham - Winner!

  • Race: Zerg Zerg
  • Spawn Location: 5:00

Maplez

  • Race: Protoss Protoss
  • Spawn Location: 11:00

Event: ESL SC2 Masters 2024 Spring (Regional)

VOD

Have the link to the VOD?

Description

Time

  • Played on: April 21, 2024, 2:43 p.m.
  • Length: 7:57

All games in this series

Show
View Real Time Build Order
Export as new Build Order

Cham Zerg - Winner!

Build Orders: Hatch First 

Get SALT Encoding   

  12  0:00  Drone  
  13  0:13  Overlord  
  13  0:16  Drone  
  14  0:32  Drone x2  
  16  0:48  Hatchery  
  15  0:51  Drone  
  15  0:56  Drone  
  17  0:59  Drone  
  18  1:11  Spawning Pool  
  18  1:13  Extractor  
  18  1:17  Drone  
  17  1:20  Drone  
  18  1:31  Drone  
  19  1:39  Drone  
  20  1:51  Drone  
  21  1:59  Queen x2  
  21  2:00  Zergling x2  
  27  2:01  Zergling x2  
  27  2:11  Drone  
  27  2:12  Overlord  
  28  2:21  Metabolic Boost  
  28  2:30  Drone x2  
  30  2:37  Hatchery  
  30  2:42  Queen  
  30  2:44  Drone  
  32  2:48  Overlord  
  32  2:53  Drone  
  32  2:55  Drone  
  34  2:59  Queen  
  36  3:06  Zergling x4  
  36  3:08  Drone x2  
  36  3:11  Drone  
  36  3:12  Drone  
  42  3:16  Overlord  
  42  3:19  Drone  
  43  3:20  Drone  
  44  3:29  Overlord  
  44  3:33  Queen  
  46  3:36  Drone  
  46  3:37  Drone  
  46  3:40  Queen  
  50  3:42  Drone x2  
  50  3:45  Overlord  
  52  3:49  Drone  
  52  3:53  Drone x2  
  52  3:54  Drone  
  56  3:58  Spore Crawler  
  56  4:00  Overlord  
  56  4:01  Zergling x4  
  57  4:03  Zergling x2  
  56  4:17  Drone  
  56  4:18  Drone x2  
  56  4:19  Drone x5  
  56  4:23  Spore Crawler  
  63  4:28  Spore Crawler  
  63  4:29  Drone x4  
  64  4:31  Drone  
  64  4:34  Drone  
  64  4:35  Drone  
  64  4:38  Overlord  
  67  4:42  Lair  
  67  4:44  Drone  
  67  4:46  Extractor  
  67  4:47  Drone x2  
  67  4:49  Drone  
  67  4:50  Drone  
  70  4:54  Overlord  
  70  4:56  Extractor  
  70  4:59  Drone x4  
  73  5:03  Zergling x6  
  73  5:05  Drone  
  77  5:10  Drone  
  77  5:11  Roach Warren  
  77  5:13  Zergling x6  
  77  5:27  Zergling x8  
  79  5:32  Zergling x10  
  79  5:33  Zergling x8  
  84  5:39  Hatchery  
  84  5:42  Hatchery  
  82  5:43  Drone  
  82  5:44  Drone  
  82  5:45  Overlord  
  84  5:50  Glial Reconstitution  
  84  5:56  Overlord  
  84  5:57  Roach x2  
  84  5:59  Overlord x2  
  88  6:06  Roach x3  
  88  6:07  Roach  
  96  6:16  Roach x4  
  104  6:19  Overlord  
  104  6:21  Roach x4  
  104  6:24  Roach  
  114  6:26  Roach  
  114  6:29  Roach x2  
  120  6:37  Roach x2, Overlord x2  
  126  6:40  Roach  
  126  6:44  Roach, Overlord  
  126  6:45  Zergling x2  
  129  6:48  Overlord x2  
  129  6:50  Roach  
  129  6:51  Roach x2  
  135  6:54  Roach, Ravager  
  135  6:55  Ravager  
  135  6:57  Zergling x6  
  135  6:59  Ravager  
  135  7:00  Zergling x4  
  135  7:01  Zergling x2  
  145  7:04  Zergling x2  
  146  7:08  Zergling x2  
  146  7:09  Ravager  
  146  7:12  Zergling x4  
  146  7:13  Zergling x4  
  146  7:14  Zergling x2  
  152  7:20  Roach x2  
  151  7:24  Roach  
  151  7:26  Roach x2  
  151  7:28  Roach  
  146  7:31  Roach  
  146  7:32  Roach, Zergling x8  
  146  7:34  Zergling x2  
  146  7:35  Zergling x6  
  136  7:53  Ravager  
Show
View Real Time Build Order
Export as new Build Order

Maplez Protoss 

Build Orders: 1 Gate Expand, Oracle Opening 

Get SALT Encoding   

  12  0:00  Probe  
  13  0:12  Probe  
  14  0:17  Pylon  
  14  0:24  Probe (Chrono Boost)  
  15  0:36  Probe (Chrono Boost)  
  15  0:38  Gateway  
  16  0:44  Probe (Chrono Boost)  
  16  0:46  Assimilator  
  17  0:51  Probe  
  18  1:03  Probe  
  19  1:15  Probe  
  20  1:23  Nexus  
  20  1:33  Cybernetics Core  
  20  1:36  Probe  
  21  1:43  Assimilator  
  21  1:49  Probe  
  21  1:52  Pylon  
  22  2:01  Probe (Chrono Boost)  
  23  2:10  Adept (Chrono Boost)  
  23  2:13  Probe (Chrono Boost)  
  23  2:14  Stargate  
  24  2:19  Probe (Chrono Boost)  
  27  2:24  Warp Gate  
  27  2:30  Probe  
  27  2:36  Probe  
  29  2:37  Stalker (Chrono Boost)  
  29  2:43  Probe  
  32  2:48  Probe  
  33  2:55  Probe  
  34  2:59  Oracle (Chrono Boost)  
  34  3:00  Probe  
  38  3:07  Probe  
  38  3:08  Pylon  
  38  3:11  Adept  
  38  3:12  Probe  
  42  3:19  Probe  
  43  3:24  Probe  
  43  3:26  Pylon  
  44  3:31  Probe  
  44  3:33  Oracle (Chrono Boost)  
  48  3:36  Probe  
  48  3:38  Gateway  
  49  3:43  Probe  
  50  3:48  Probe  
  50  3:55  Probe  
  52  3:58  Nexus  
  52  3:59  Pylon  
  52  4:00  Probe  
  53  4:04  Oracle  
  56  4:10  Probe  
  56  4:15  Probe  
  56  4:16  Assimilator  
  58  4:17  Assimilator  
  58  4:22  Pylon, Probe  
  59  4:27  Probe  
  59  4:28  Adept  
  62  4:34  Twilight Council, Probe  
  63  4:39  Probe  
  63  4:41  Forge  
  63  4:44  Pylon  
  64  4:46  Probe  
  64  4:47  Adept  
  64  4:48  Adept  
  64  4:51  Probe  
  70  4:58  Probe (Chrono Boost)  
  70  4:59  Gateway  
  71  5:00  Gateway  
  71  5:08  Probe (Chrono Boost)  
  71  5:10  Probe (Chrono Boost)  
  71  5:11  Stalker  
  71  5:12  Probe (Chrono Boost)  
  76  5:15  Stalker  
  76  5:18  Probe (Chrono Boost)  
  79  5:23  Probe (Chrono Boost)  
  76  5:30  Protoss Ground Weapons Level 1  
  76  5:34  Probe x3  
  76  5:35  Blink (Chrono Boost)  
  75  5:36  Stalker  
  75  5:37  Pylon  
  75  5:39  Stalker  
  79  5:45  Shield Battery  
  79  5:46  Probe x3  
  82  5:56  Gateway x2  
  82  5:58  Probe  
  82  5:59  Probe  
  82  6:00  Robotics Facility  
  84  6:04  Assimilator  
  84  6:06  Assimilator  
  84  6:10  Stalker x2, Shield Battery  
  88  6:17  Probe  
  89  6:21  Pylon, Probe  
  89  6:23  Stalker x2  
  89  6:25  Probe  
  95  6:39  Nexus  
  95  6:40  Pylon  
  95  6:43  Pylon  
  95  6:46  Gateway x2  
  95  6:47  Stalker  
  95  6:49  Gateway  
  95  6:57  Warp Prism (Chrono Boost)  
  97  7:04  Stalker x3  
  97  7:06  Probe  
  104  7:08  Probe  
  104  7:09  Probe  
  104  7:12  Photon Cannon, Shield Battery  
  106  7:19  Stalker x3  
  98  7:30  Stalker x3  
  98  7:34  Probe x2  
  98  7:36  Probe  
  94  7:42  Stalker x2  
  93  7:48  Stalker x2  
Tags
 
Add a new tag
Caveats
  • Supply blocks, unpowered buildings, or Contaminate may cause inaccurate times.
  • Supply counts are checked every 10 seconds.